 Dungeon Crawl Stone Soup version 0.21-a0-286-g6fcecc0 (webtiles) character file.

28 tidbits the Insei (level 2, 9/22 HPs)
             Began as a Demigod Transmuter on Sept 25, 2017.
             Quit the game on level 2 of the Dungeon.
             The game lasted 00:05:21 (985 turns).

tidbits the Insei (Demigod Transmuter)               Turns: 985, Time: 00:05:22

Health: 9/22       AC:  2    Str: 13    XL:     2   Next: 78%
Magic:  6/7        EV: 12    Int: 19    God:
Gold:   41         SH:  0    Dex: 16    Spells: 2/5 levels left

rFire    . . .     SeeInvis .     - Unarmed
rCold    . . .     Gourm    .   (no shield)
rNeg     . . .     Faith    .   b - +0 robe
rPois    .         Spirit   .   (no helmet)
rElec    .         Reflect  .   (no cloak)
rCorr    .         Harm     .   (no gloves)
MR       .....                  (no boots)
Stlth    +.........             (no amulet)
HPRegen  0.07/turn              g - +2 ring of intelligence
MPRegen  0.10/turn              (no ring)

@: no status effects
A: high mp 1
a: no special abilities


You were on level 2 of the Dungeon.
You were not hungry.

You visited 1 branch of the dungeon, and saw 2 of its levels.

You collected 41 gold pieces.

Inventory:

Hand Weapons
 m - a +0 short sword
 n - a +0 hunting sling
Missiles
 a - 54 arrows
 k - 22 bolts
Armour
 b - a +0 robe (worn)
Jewellery
 g - a +2 ring of intelligence (left hand)
   (You found it on level 1 of the Dungeon)
 h - an uncursed ring of teleportation
   (You found it on level 1 of the Dungeon)
Scrolls
 e - a scroll of magic mapping {unknown}
 f - 2 scrolls of teleportation
 i - a scroll of fear {unknown}
 j - a scroll of remove curse
 p - a scroll of identify {unknown}
Potions
 l - a potion of curing {unknown}
Books
 c - a book of Changes

   Spells                             Type                      Level
   a - Beastly Appendage              Transmutation                1
   b - Sticks to Snakes               Transmutation                2
   c - Spider Form                    Transmutation/Poison         3
   d - Ice Form                       Ice/Transmutation            4
   e - Blade Hands                    Transmutation                5
Comestibles
 d - a bread ration
 o - 2 chunks of flesh


   Skills:
 - Level 0.8 Fighting
 - Level 1.7 Dodging
 + Level 3.1 Unarmed Combat
 - Level 2.0 Spellcasting
 + Level 2.5 Transmutations


You had 2 spell levels left.
You knew the following spells:

 Your Spells              Type           Power        Failure   Level  Hunger
e - Beastly Appendage     Tmut           ##....       6%          1    #......
k - Sticks to Snakes      Tmut           ##......     9%          2    ###....


Dungeon Overview and Level Annotations

Branches:
Dungeon (2/15)


Innate Abilities, Weirdness & Mutations

You have an increased reservoir of magic. (+10% MP)


Message History

Confirm with . or Enter, or press ? or * to list all spells.
Your feet morph into talons.
You see here 10 gold pieces.
You now have 41 gold pieces (gained 10).
The frilled lizard bites you but does no damage.
You hit the frilled lizard.
You kill the frilled lizard!
You see here a frilled lizard corpse.
Your transformation is almost over.
Magic restored.
Found 11 gold pieces.
A kobold comes into view. It is wielding a short sword.
The kobold shouts!
You hear an angry hiss.
Your talons disappear.
The kobold throws a stone.
The stone closely misses you.
The kobold throws a stone.
The stone closely misses you.
You see here a stone.
The kobold throws a stone.
The stone closely misses you.
You see here a stone.
Casting: Beastly Appendage
Confirm with . or Enter, or press ? or * to list all spells.
Your feet morph into talons.
Casting: Beastly Appendage
Confirm with . or Enter, or press ? or * to list all spells.
You create a snake!
You now have 55 arrows.
The kobold throws a stone.
The stone hits you but does no damage. The kobold hits you with a short sword.
* * * LOW HITPOINT WARNING * * *
You barely miss the kobold. The kobold hits you with a short sword.
* * * LOW HITPOINT WARNING * * *
You miss the kobold. You claw the kobold.
You kill the kobold!
Things that are here:
a short sword; a stone Wield which item (- for none, * to show all)? (? for menu, Esc to quit)
a - 55 arrows (in hand)
You swing at nothing.
Your transformation is almost over.
You swing at nothing.
You swing at nothing.
You swing at nothing.
You swing at nothing.
You swing at nothing.
Your talons disappear.
You swing at nothing.
You swing at nothing.
You swing at nothing.
You swing at nothing.
You swing at nothing.
You swing at nothing.
You swing at nothing.
You swing at nothing.
You swing at nothing.
You swing at nothing.
Your ball python withers and dies!
You see here a stone.
You see here a stone.
A goblin comes into view.
A goblin comes into view.
The goblin shouts!
You see here a stone.
You see here a stone.
Things that are here:
a short sword; a stone
Casting: Sticks to Snakes
Confirm with . or Enter, or press ? or * to list all spells.
You miscast Beastly Appendage.
You are very lightly contaminated with residual magic.
Nothing appears to happen.
Casting: Beastly Appendage
Confirm with . or Enter, or press ? or * to list all spells.
Your feet morph into talons.
Casting: Beastly Appendage
Confirm with . or Enter, or press ? or * to list all spells.
You create a snake!
You now have 54 arrows.
Really attack while wielding your 54 arrows? [Y]es or [N]o only, please.
Really attack while wielding your 54 arrows?
Okay, then.
Wield which item (- for none, * to show all)? (? for menu, Esc to quit)
You are now empty-handed.
You completely miss the goblin. You claw the goblin.
You kill the goblin!
You see here a goblin corpse.
You swap places.
Your transformation is almost over.
Your magical contamination has completely faded away.
Your talons disappear.
You open the door.
Your ball python withers and dies!
There is an open door here.
Found a leather armour.
Found two altars.
A rat comes into view.
You closely miss the rat. The rat barely misses you.
You hit the rat but do no damage. The rat bites you.
* * * LOW HITPOINT WARNING * * *
You completely miss the rat. The rat barely misses you.
You closely miss the rat. You barely miss the rat. The rat misses you.
Are you sure you want to abandon this character and quit the game? (Confirm with "yes".)

##. . # #.[ .###.
#.# .... #.#
###..#####.#
#.....#.'..#
#...##.# ###...#.#
.. #...###@# ...
.......#.# #.r#
##.##
....####.####...
.... ###
#..####.## ...#
##....#_# #...#
#..########....#
###.........<....#
#.........####.>.#
###.#......## ..#


You could see a rat.

Vanquished Creatures
  2 dart slugs (D:1)
  A leopard gecko (D:1)
  A ball python (D:1)
  5 hobgoblins
  5 bats (D:1)
  A frilled lizard (D:2)
  A goblin (D:2)
  4 kobolds
  A fungus (D:1)
21 creatures vanquished.

Vanquished Creatures (collateral kills)
  An ooze (D:1)
  A leopard gecko (D:1)
  A kobold (D:1)
3 creatures vanquished.

Grand Total: 24 creatures vanquished

Notes
Turn   | Place    | Note
-------+----------+-------------------------------------------
     0 | D:1      | tidbits the Demigod Transmuter began the quest for the Orb.
     0 | D:1      | Reached XP level 1. HP: 15/15 MP: 5/5
   264 | D:1      | Reached skill level 2 in Transmutations
   416 | D:1      | Reached skill level 2 in Spellcasting
   452 | D:1      | Reached XP level 2. HP: 5/22 MP: 5/7
   456 | D:1      | Learned a level 2 spell: Sticks to Snakes
   530 | D:1      | Reached skill level 3 in Unarmed Combat
   629 | D:1      | HP: 1/22 [ooze (3)]
   976 | D:2      | Found a snail-covered altar of Cheibriados.
   976 | D:2      | Found an ancient bone altar of Kikubaaqudgha.
   985 | D:2      | Quit the game

Vault maps used:
D:1:      dpeg_cavernosity
D:2:      chequers_temple_overflow_minitemple

Skill      XL: |  1  2 |
---------------+-------+-----
Transmutations | 2 |  2.5
Spellcasting   | 2 |  2.0
Unarmed Combat | 3 |  3.1
Fighting       | |  0.8
Dodging        | |  1.7

Action                   || total
-------------------------++-------
Melee: Unarmed           ||    67
       Kick              ||    15
       Headbutt          ||     2
 Cast: Beastly Appendage ||    18
       Sticks to Snakes  ||     7
  Use: Scroll            ||     2
       Potion            ||     2
 Stab: Sleeping          ||     4
  Eat: Chunk             ||     1
Armor: Robe              ||    11
Dodge: Dodged            ||    24

Table legend:
 A = Spawn XP
 B = Non-spawn XP
 C = Spawn XP percentage of total XP
 D = Spawn monster count
 E = Non-spawn monster count
 F = Spawn count percentage of total count
 G = Total turns spent on level
                    A         B        C        D         E        F      G
               +---------+---------+-------+---------+---------+-------+---------
         Total |       0 |      41 |   0.0 |       0 |      23 |   0.0 |   985
               +---------+---------+-------+---------+---------+-------+---------
           D:1 |       0 |      35 |   0.0 |       0 |      19 |   0.0 |   842
           D:2 |       0 |       6 |   0.0 |       0 |       4 |   0.0 |   143
               +---------+---------+-------+---------+---------+-------+---------

Table legend:
 A = Turns spent in this place as a percentage of turns spent in the entire game.
 B = Non-inter-level travel turns spent in this place as a percentage of non-inter-level travel turns spent in the entire game.
 C = Inter-level travel turns spent in this place as a percentage of turns spent in this place.
 D = Turns resting spent in this place as a percentage of non-inter-level travel turns spent in this place.
 E = Turns spent auto-exploring this place as a percentage of non-inter-level travel turns spent in this place.
 F = Non-inter-level travel turns spent in this place divided by the number of levels of this place that you've seen.
                   A       B       C       D       E      F
               +-------+-------+-------+-------+-------+----------------------
         Total | 100.0 | 100.0 |  13.8 |   0.0 |   0.0 | 424.5
       Dungeon | 100.0 | 100.0 |  13.8 |   0.0 |   0.0 | 424.5
               +-------+-------+-------+-------+-------+----------------------

Table legend:
 A = Kills in this place as a percentage of kills in entire the game.
 B = Kills by you in this place as a percentage of kills by you in the entire game.
 C = Kills by friends in this place as a percentage of kills by friends in the entire game.
 D = Other kills in this place as a percentage of other kills in the entire game.
 E = Experience gained in this place as a percentage of experience gained in the entire game.
 F = Experience gained in this place divided by the number of levels of this place that you have seen.
                   A       B       C       D       E      F
               +-------+-------+-------+-------+-------+----------------------
         Total | 100.0 | 100.0 | 100.0 |   N/A | 100.0 |  20.5
       Dungeon | 100.0 | 100.0 | 100.0 |   N/A | 100.0 |  20.5
               +-------+-------+-------+-------+-------+----------------------

Vault maps used:
D:1:      dpeg_cavernosity
D:2:      chequers_temple_overflow_minitemple
